 Dungeon Crawl Stone Soup version 0.28-a0-537-g3bccd9ccbf (webtiles) character file.

Game seed: 841736704686684777

229 Demosthentine the Poker (level 6, 0/45 (48) HPs)
             Began as a Merfolk Gladiator on Sept 27, 2021.
             Was an Initiate of the Shining One.
             Slain by a wight (1 damage)
             ... on level 4 of the Dungeon.
             The game lasted 00:02:44 (3391 turns).

Demosthentine the Poker (Merfolk Gladiator)         Turns: 3391, Time: 00:02:44

HP:   0/45 (48)     AC: 13    Str: 16    XL:     6   Next: 3%
MP:   6/6           EV: 14    Int:  8    God:    the Shining One [......]
Gold: 827           SH:  0    Dex: 15    Spells: 5/5 levels left

rFire   . . .      SeeInvis .   a - +1 trident (protect)
rCold   . . .      Faith    .   (no shield)
rNeg    . . .      Spirit   .   b - +0 leather armour
rPois   .          Reflect  .   c - +1 helmet
rElec   .          Harm     .   n - +0 cloak
rCorr   .          Rampage  .   (no gloves)
Will    .....                   (no boots)
Stlth   +.........              (no amulet)
HPRegen 0.15/turn               (no ring)
MPRegen 0.10/turn               (no ring)

@: under a protective aura, glowing, drained
A: (nimble swimmer 2), mertail
a: Renounce Religion


You were on level 4 of the Dungeon.
You worshipped the Shining One.
The Shining One was noncommittal.
You visited 2 branches of the dungeon, and saw 5 of its levels.

You collected 827 gold pieces.

Inventory:

Hand Weapons
 a - a +1 trident of protection (weapon)
Missiles
 d - 3 throwing nets (quivered)
Armour
 b - a +0 leather armour (worn)
 c - a +1 helmet (worn)
 n - a +0 cloak (worn)
Jewellery
 f - an amulet of faith
 k - a ring of flight
Scrolls
 g - a scroll of fear
Potions
 e - a potion of brilliance
 h - 2 potions of heal wounds {unknown}
 i - a potion of ambrosia {unknown}
 j - 3 potions of degeneration {unknown}
 o - a potion of flight {unknown}


   Skills:
 + Level 3.8 Fighting
 + Level 6.0 Polearms
 - Level 2.0 Throwing
 + Level 1.9 Armour
 + Level 5.4 Dodging


You had 5 spell levels left.
You didn't know any spells.
Your spell library contained the following spells:

 Spells                   Type           Power      Damage    Failure   Level
 Animate Skeleton         Necr           0%         N/A       47%         1
 Apportation              Tloc           0%         N/A       47%         1
 Summon Small Mammal      Summ           0%         N/A       47%         1
 Blink                    Tloc           N/A        N/A       63%         2
 Lesser Beckoning         Tloc           0%         N/A       85%         3
 Manifold Assault         Tloc           0%         N/A       100%        5
 Storm Form               Tmut/Air       0%         N/A       100%        7


Dungeon Overview and Level Annotations

Branches:
Dungeon (4/15)             Temple (1/1) D:4

Altars:
Cheibriados
Elyvilon
Fedhas
Gozag
Hepliaklqana
Kikubaaqudgha
Makhleb
Nemelex Xobeh
Okawaru
Qazlal
Sif Muna
Trog
Uskayaw
Vehumet
Wu Jian
Xom
Yredelemnul
The Shining One

Shops:
D:2 (


Innate Abilities, Weirdness & Mutations

((You are quick and stealthy near water. (Stealth+, EV+, Speed+++)))
Your lower body shifts to a powerful aquatic tail in water.


Message History

You hit the wight but do no damage.
The wight is lightly damaged.
The wight hits you with a +2 flail. The wight hits you with a +3 falchion.
You hit the wight.
The wight is lightly damaged.
The wight misses you. The wight hits you but does no damage.
The wight barely misses you.
You hit the wight.
The wight is heavily damaged.
The wight barely misses you. The wight hits you with a +0 dagger.
The wight hits you but does no damage.
You hit the wight.
The wight is almost destroyed.
The wight hits you with a +2 flail! The wight hits you but does no damage.
The wight hits you with a +3 falchion!
* * * LOW HITPOINT WARNING * * *
You feel drained.
* * * LOW HITPOINT WARNING * * *
You hit the wight but do no damage.
The wight is almost destroyed.
The wight hits you with a +2 flail.
* * * LOW HITPOINT WARNING * * *
You feel drained.
* * * LOW HITPOINT WARNING * * *
The wight hits you but does no damage. x2
You hit the wight.
The wight is moderately damaged.
The wight hits you but does no damage. The wight completely misses you.
The wight hits you with a +3 falchion. The Shining One protects you from harm!
Unknown command.
You barely miss the wight.
The wight is moderately damaged.
The wight completely misses you. The wight hits you but does no damage.
The wight completely misses you.
Unknown command.
You hit the wight.
The wight is heavily damaged.
The wight hits you but does no damage. The wight hits you with a +0 dagger.
You die... .# . ### ..# ## ######.### #.# $P8

..(.##...##..# ..≈#
##.....$#..#### ####.
#..............
.≈5#..###....!....#
.≈o#.(.<........z.###
≈≈o#..†.)......@z...#
≈≈.#............z.....#
≈≈.#...................
.≈.#...?...............
.≈.#...................
####...................
..P#................!..
.##......####..


You could see 3 wights.

Vanquished Creatures
  A phantom (D:4)
  Crazy Yiuf (D:2)
  Terence (D:2)
  4 adders
  2 worms
  A dart slug (D:3)
  8 endoplasms
  2 giant cockroaches
  4 goblins
  7 hobgoblins
  5 quokkas
  A ball python (D:1)
  3 bats
  3 frilled lizards
  8 kobolds
  6 rats
57 creatures vanquished.

Notes
Turn   | Place    | Note
-------+----------+-------------------------------------------
     0 | D:1      | Demosthentine the Merfolk Gladiator began the quest for the
                  | Orb.
     0 | D:1      | Reached XP level 1. HP: 16/16 MP: 1/1
   193 | D:1      | Found a faded altar of an unknown god.
   203 | D:1      | Reached XP level 2. HP: 23/23 MP: 2/2
   890 | D:2      | Reached XP level 3. HP: 28/28 MP: 3/3
   902 | D:2      | Found an ancient bone altar of Kikubaaqudgha.
   909 | D:2      | Reached skill level 5 in Polearms
  1012 | D:2      | Found Ridesmaf's Antique Weapon Boutique.
  1211 | D:2      | Reached skill level 1 in Armour
  1359 | D:2      | Reached XP level 4. HP: 15/35 MP: 4/4
  1547 | D:2      | Found an iron altar of Okawaru.
  1679 | D:2      | Noticed Terence
  1705 | D:2      | Killed Terence
  2091 | D:2      | Found a runed translucent door.
  2092 | D:2      | Noticed Crazy Yiuf
  2211 | D:2      | Killed Crazy Yiuf
  2285 | D:3      | Reached XP level 5. HP: 13/41 MP: 5/5
  2571 | D:3      | Reached skill level 5 in Dodging
  2931 | D:3      | You fall into a shaft and drop 1 floor!
  2931 | D:4      | Found a stormy altar of Qazlal.
  2996 | D:4      | Found a staircase to the Ecumenical Temple.
  3008 | Temple   | Entered the Ecumenical Temple
  3176 | Temple   | Became a worshipper of the Shining One
  3319 | D:3      | Identified a scroll of acquirement
  3319 | D:3      | Acquired 621 gold pieces
  3353 | D:4      | Noticed a phantom
  3362 | D:4      | Killed a phantom
  3363 | D:4      | Reached skill level 6 in Polearms
  3363 | D:4      | Reached XP level 6. HP: 47/48 MP: 6/6
  3388 | D:4      | HP: 1/45 [wight (2)]
  3389 | D:4      | The Shining One protects you from harm!
  3391 | D:4      | Slain by a wight

Illustrated notes

Levels and vault maps discovered:
D:1:      tarquinn_simple_flora_water_d, layout_loops_ring,
          shapermc_ecumenical_altar_mp_ritualfount
D:2:      layout_basic, serial_shops, nicolae_diamond_shop, basic_altar,
          minmay_hexomino_r4, uniq_crazy_yiuf_cottage, uniq_terence
D:3:      layout_basic
D:4:      gammafunk_wand_slinger, layout_cave_pools, lemuel_tele_altar,
          minmay_temple_entry_statues_fountains
Temple:   eino_temple_rhombus

Skill      XL: |  1  2  3  4  5 |
---------------+----------------+-----
Polearms       | 5 6 |  6.0
Armour         | 1 |  1.9
Fighting       | 3 |  3.8
Dodging        | 5 |  5.4
Throwing       | |  2.0

Action                   |  1- 3 |  4- 6 || total
-------------------------+-------+-------++-------
Melee: Trident           |   103 |   119 ||   222
  Use: Scroll            |     5 |     7 ||    12
 Stab: Sleeping          |     3 |     1 ||     4
Armor: Leather armour    |    28 |    45 ||    73
Dodge: Dodged            |    53 |    65 ||   118

Table legend: (Time is in decaauts)
 A = Elapsed time spent in this place.
 B = Non-inter-level travel time spent in this place.
 C = Inter-level travel time spent in this place.
 D = Time resting spent in this place.
 E = Time spent auto-exploring this place.
 F = Levels seen in this place.
 G = Mean time per level.
                   A        B        C        D        E       F      G
               +--------+--------+--------+--------+--------+-----+--------+
         Total |   3399 |   3293 |    106 |      0 |   2804 |   5 |  679.8 |
       Dungeon |   3219 |   3124 |     95 |      0 |   2652 |   4 |  804.8 |
        Temple |    179 |    168 |     11 |      0 |    152 |   1 |  179.0 |
               +--------+--------+--------+--------+--------+-----+--------+

Top non-repeatable levels by time:
     D:2: 1460 daAuts
     D:3: 813 daAuts
     D:1: 811 daAuts
  Temple: 179 daAuts
     D:4: 134 daAuts
